 Dungeon Crawl Stone Soup version 0.29.1-15-g9cfb28693d (webtiles) character file.

Game seed: 15991016907771654712

696 iambehindu the Cleaver (level 7, 0/87 HPs)
             Began as a Minotaur Berserker on Mar 29, 2023.
             Was a Believer of Trog.
             Slain by a sky beast (1 damage)
             ... on level 5 of the Dungeon on Apr 28, 2023.
             The game lasted 00:18:26 (4883 turns).

iambehindu the Cleaver (Minotaur Berserker)         Turns: 4883, Time: 00:18:26

Health: 0/87       AC:  8    Str: 24    XL:     7   Next: 37%
Magic:  6/6        EV: 10    Int:  4    God:    Trog [**....]
Gold:   195        SH:  0    Dex:  9    Spells: 6/6 levels left

rFire   . . .      SeeInvis .   p - +0 war axe
rCold   . . .      Faith    .   (no shield)
rNeg    . . .      Spirit   .   s - +0 scale mail
rPois   .          Reflect  .   (helmet restricted)
rElec   .          Harm     .   (no cloak)
rCorr   .          Rampage  .   (no gloves)
Will    .....                   e - +0 pair of boots
Stlth   ..........              (no amulet)
HPRegen 0.24/turn               (no ring)
MPRegen 0.10/turn               (no ring)

@: berserking (expiring), studying Armour, very quick
A: horns 2, retaliatory headbutt
a: Renounce Religion, Berserk, Trog's Hand


You were on level 5 of the Dungeon.
You worshipped Trog.
Trog was pleased with you.
You visited 1 branch of the dungeon, and saw 5 of its levels.

You collected 195 gold pieces.

Inventory:

Hand Weapons
 a - a +0 hand axe
 p - a +0 war axe (weapon)
Armour
 b - a +0 animal skin
 e - a +0 pair of boots (worn)
 s - a +0 scale mail (worn)
 t - a +0 ring mail
 u - a +0 pair of boots
Jewellery
 d - a ring of protection from fire
 o - a ring of resist corrosion
Scrolls
 c - 3 scrolls of teleportation
 h - a scroll of vulnerability {unknown}
 i - 4 scrolls of identify
 k - 2 scrolls of enchant weapon {unknown}
 n - a scroll of magic mapping {unknown}
 r - a scroll of noise {unknown}
Potions
 f - 5 potions of haste
 g - 2 potions of ambrosia {unknown}
 j - a potion of resistance {unknown}
 l - a potion of attraction {unknown}
 m - 3 potions of curing {unknown}
 q - a potion of might {unknown}


   Skills:
 - Level 3.9 Fighting
 + Level 10.1 Axes
 + Level 3.6 Armour
 - Level 2.3 Dodging


You had 6 spell levels left.
You didn't know any spells.
Your spell library was empty.

Dungeon Overview and Level Annotations

Branches:
Dungeon (5/15)
 Temple: D:4-7

Altars:
Ashenzari
Kikubaaqudgha
Uskayaw

Shops:
D:1 *

Annotations:
D:5 Prince Ribbit


Innate Abilities, Weirdness & Mutations

You have a pair of horns on your head.
You reflexively headbutt those who attack you in melee.


Message History

Prince Ribbit blinks!
Something hits you. Something shocks you.
Found 5 gold pieces.
Prince Ribbit hits you.
You slash Prince Ribbit! Your headbutt misses Prince Ribbit.
Prince Ribbit is heavily wounded.
You hit something but do no damage. Prince Ribbit hits you. Something hits you.
Something shocks you. Prince Ribbit completely misses you.
You furiously retaliate!
You headbutt Prince Ribbit! You slash Prince Ribbit!
Prince Ribbit is almost dead.
You barely miss something.
Prince Ribbit blinks!
A sky beast appears from thin air!
Reactivating autopickup.
The sky beast hits you but does no damage.
The sky beast attacks as you move away! The sky beast hits you.
The sky beast shocks you.
You closely miss Prince Ribbit.
Prince Ribbit is almost dead.
You closely miss the sky beast. Prince Ribbit hits you!
* * * LOW HITPOINT WARNING * * *
Prince Ribbit misses you. The sky beast hits you.
* * * LOW HITPOINT WARNING * * *
The sky beast shocks you.
* * * LOW HITPOINT WARNING * * *
A red film seems to cover your vision as you go berserk!
You feel yourself moving faster!
You feel mighty! Prince Ribbit hits you.
* * * LOW HITPOINT WARNING * * *
The sky beast barely misses you.
You closely miss Prince Ribbit. Your headbutt misses Prince Ribbit.
Prince Ribbit is almost dead.
You barely miss the sky beast. Prince Ribbit hits you.
* * * LOW HITPOINT WARNING * * *
You barely miss Prince Ribbit.
Prince Ribbit is almost dead.
You hit the sky beast.
Prince Ribbit blinks!
The sky beast hits you but does no damage.
You slash the sky beast!
The sky beast is severely wounded.
The sky beast hits you.
You die...

#...##........
#.............
#.............
#............. ##
##..##..##..88
##..###..##..##+.88
.......F.......$...
.........~.........
.$....ยง@Y..........
...................
###..##..##.....##.
#. #..##.....# ..
...........+ ..
............# #
.###.###.##..# #.#
.# ###


You could see Prince Ribbit and a sky beast.

Vanquished Creatures
  An ice beast (D:5)
  An ogre (D:4)
  2 centaurs (D:4)
  A phantom (D:4)
  A scorpion (D:4)
  An orc priest (D:4)
  An orc wizard (D:4)
  3 gnolls (D:4)
  5 adders
  An ufetubus (D:5)
  2 worms
  3 dart slugs
  3 orcs
  3 bats (D:1)
  7 endoplasms
  6 giant cockroaches
  6 goblins
  9 hobgoblins
  3 jackals (D:3)
  6 quokkas
  8 ball pythons
  2 frilled lizards
  2 kobolds
  2 rats (D:1)
79 creatures vanquished.

Vanquished Creatures (others)
  A plant (D:3)
  6 withered plants (D:3)
7 creatures vanquished.

Grand Total: 86 creatures vanquished

Notes
Turn   | Place    | Note
-------+----------+-------------------------------------------
     0 | D:1      | iambehindu the Minotaur Berserker began the quest for the
                  | Orb.
     0 | D:1      | Reached XP level 1. HP: 19/19 MP: 0/0
   322 | D:1      | Reached skill level 4 in Axes
   322 | D:1      | Reached XP level 2. HP: 18/27 MP: 1/1
   621 | D:1      | Found a faded altar of an unknown god.
   740 | D:1      | Found Labbyl's General Store.
  1199 | D:2      | Reached XP level 3. HP: 33/33 MP: 2/2
  1204 | D:2      | Reached skill level 5 in Axes
  1799 | D:3      | Reached ** piety under Trog
  1915 | D:3      | Found an ancient bone altar of Kikubaaqudgha.
  2130 | D:3      | Found a hide-covered altar of Uskayaw.
  2220 | D:3      | Found a broken altar of Ashenzari.
  2238 | D:3      | Reached XP level 4. HP: 38/40 MP: 3/3
  2322 | D:3      | Reached skill level 6 in Axes
  2991 | D:4      | Noticed a centaur
  2991 | D:4      | Noticed a centaur
  3322 | D:4      | Noticed a phantom
  3337 | D:4      | Killed a phantom
  3338 | D:4      | Reached skill level 7 in Axes
  3338 | D:4      | Reached XP level 5. HP: 34/46 MP: 4/4
  3646 | D:4      | Reached skill level 8 in Axes
  3646 | D:4      | Reached XP level 6. HP: 27/52 MP: 5/5
  4133 | D:4      | Reached skill level 9 in Axes
  4343 | D:4      | Reached XP level 7. HP: 23/58 MP: 6/6
  4740 | D:5      | Entered Level 5 of the Dungeon
  4825 | D:5      | Reached skill level 10 in Axes
  4868 | D:5      | Noticed Prince Ribbit
  4881 | D:5      | HP: 1/87 [Prince Ribbit (4)]
  4883 | D:5      | Slain by a sky beast

Illustrated notes

Levels and vault maps discovered:
D:1:      dpeg_chamrin_arrival_tetris, layout_rooms,
          dreamdust_ecumenical_altar_grove, serial_shops, shop,
          minmay_crystal_water
D:2:      layout_loops_ring
D:3:      layout_basic, eat_drink_and_be_merry_uskayaw, evilmike_ruin_ashenzari,
          kiku_gazebo_garden_becter, roderic_roman_lattice, st_stairs_10,
          chequers_serial_rivers_marsh, corexii_shack
D:4:      layout_loops_ring, minmay_manual_mares
D:5:      layout_gridville, cheibrodos_sewer_entry_sluice, grunt_ministairs_7,
          hellmonk_bongcloud_opening, uniq_duvessa, uniq_prince_ribbit1

Skill      XL: |  1  2  3  4  5  6  7 |
---------------+----------------------+-----
Axes           | 4 5 7 8 9 10 | 10.1
Armour         | 3 |  3.6
Fighting       | |  3.9
Dodging        | |  2.3

Action                   |  1- 3 |  4- 6 |  7- 9 || total
-------------------------+-------+-------+-------++-------
Melee: Hand axe          |    75 |       |       ||    75
       Headbutt          |    16 |    16 |     1 ||    33
       Punch             |     1 |     1 |       ||     2
       War axe           |    15 |    85 |    15 ||   115
Invok: Berserk           |     1 |       |     1 ||     2
  Use: Scroll            |       |     3 |       ||     3
Armor: Animal skin       |    26 |     7 |       ||    33
       Scale mail        |       |    32 |     2 ||    34
Dodge: Dodged            |    60 |    54 |     8 ||   122
